 Dungeon Crawl Stone Soup version 0.21.0-3-g78d12a8 (webtiles) character file.

51 tidbits the Sneak (level 3, -2/14 HPs)
             Began as a Felid Summoner on Jan 8, 2018.
             Slain by an orc
             ... wielding a +0 short sword
              (3 damage)
             ... on level 5 of the Dungeon.
             The game lasted 00:10:42 (1473 turns).

tidbits the Sneak (Felid Summoner)                  Turns: 1473, Time: 00:10:43

Health: -2/14      AC:  1    Str: 10    XL:     3   Next: 58%
Magic:  7/7        EV: 18    Int: 16    God:
Gold:   142        SH:  0    Dex: 16    Spells: 3/6 levels left
                                        Lives:  0   Deaths: 1

rFire    + . .     SeeInvis +     - Unarmed
rCold    + . .     Gourm    .   (shield unavailable)
rNeg     . . .     Faith    .   (armour unavailable)
rPois    +         Spirit   .   (helmet unavailable)
rElec    +         Reflect  .   (cloak unavailable)
rCorr    +         Harm     .   (gloves unavailable)
MR       .....                  (boots unavailable)
Stlth    ++........             (no amulet)
HPRegen  0.04/turn              (no ring)
MPRegen  0.10/turn              (no ring)

@: confused, mighty, resistant, hasted, very quick
A: very small, no armour, no weapons or thrown items, stealth, claws 1, fangs 3,
see invisible, carnivore, speed 1, shaggy fur 1, slow metabolism 1, sharp paws
a: no special abilities


You were on level 5 of the Dungeon.
You were not hungry.

You visited 1 branch of the dungeon, and saw 5 of its levels.

You collected 142 gold pieces.

Inventory:

Wands
 d - a wand of digging (11)
Scrolls
 b - a scroll of teleportation
 g - a scroll of immolation {unknown}
 i - 2 scrolls of enchant weapon {unknown}
 j - 2 scrolls of identify {unknown}
 k - a scroll of fog {unknown}
 l - 2 scrolls of remove curse {unknown}
 o - a scroll of random uselessness {unknown}
Potions
 h - a potion of invisibility {unknown}
 n - a potion of flight {unknown}
 p - a potion of heal wounds {unknown}
Books
 a - a book of Callings

   Spells                             Type                      Level
   a - Summon Small Mammal            Summoning                    1
   b - Call Imp                       Summoning                    2
   c - Call Canine Familiar           Summoning                    3
   d - Summon Guardian Golem          Hexes/Summoning              3
   e - Summon Lightning Spire         Summoning/Air                4
   f - Summon Ice Beast               Ice/Summoning                4
 r - a book of Misfortune
   (You found it on level 4 of the Dungeon)

   Spells                             Type                      Level
   a - Confusing Touch                Hexes                        1
   b - Confuse                        Hexes                        3
   c - Gell's Gravitas                Translocation                3
   d - Petrify                        Transmutation/Earth          4
   e - Metabolic Englaciation         Hexes/Ice                    5
   f - Yara's Violent Unravelling     Hexes/Transmutation          5
Comestibles
 c - 2 rations
 m - a chunk of flesh


   Skills:
 - Level 2.6 Dodging
 + Level 5.0 Stealth
 + Level 3.1 Unarmed Combat
 - Level 2.0 Spellcasting
 - Level 4.0 Summonings


You had 3 spell levels left.
You knew the following spells:

 Your Spells              Type           Power        Failure   Level  Hunger
a - Summon Small Mammal   Summ           ##..         4%          1    #......
i - Call Imp              Summ           ##......     6%          2    ###....


Dungeon Overview and Level Annotations

Branches:
Dungeon (5/15)
 Temple: D:4-7

Altars:
Sif Muna
Yredelemnul

Shops:
D:4 %

Annotations:
D:2 exclusion: downstairs
D:3 exclusion: goblin, tidbits's ghost, weakling FeSu
D:4 MDvedh's ghost, novice DsAK
D:5 Dowan; Duvessa


Innate Abilities, Weirdness & Mutations

You cannot wear armour.
You are incapable of wielding weapons or throwing items.
Your paws allow you to move quietly. (Stealth)
You have sharp claws.
You have razor-sharp teeth.
You have supernaturally acute eyesight. (SInv)
You are carnivorous and can eat meat at any time.
You cover ground quickly.
You are covered in fur. (AC +1)
You have a slow metabolism.
Your sharp claws are effective at attacking unaware monsters.


Message History

The orc wizard casts a spell.
The orc wizard seems to speed up.
The orc priest hits your rat with a flail.
Your rat dies!
Your rat's corpse disappears in a puff of smoke!
The orc priest calls upon Beogh to heal something.
You hear a shout!
Found Topicho's Food Boutique.
There is an entrance to Topicho's Food Boutique here.
An orc comes into view. It is wielding a trident.
An orc and 2 orc priests come into view.
The orc priest shouts!
The orc shouts!
The orc priest shouts!
You hear a shout!
The orc shouts!
The orc throws a stone.
The stone barely misses you.
An orc comes into view. It is wielding a short sword.
The orc shouts!
An orc and an orc priest come into view.
You see here a stone.
The orc shouts!
The orc moves out of view.
There is an entrance to Topicho's Food Boutique here.
The orc wizard casts a spell.
The orc wizard blinks!
Your magical contamination has completely faded away.
The orc wizard is no longer moving quickly.
The orc wizard casts a spell at you. You resist with some effort.
An orc comes into view. It is wielding a short sword.
Found a leatherbound book.
An orc wizard comes into view. It is wielding a dagger.
Found a stone staircase leading down.
Found a robe.
You see here a book of Misfortune.
r - a book of Misfortune
Found a stone staircase leading down.
There is a stone staircase leading down here.
The orc hits you with a short sword.
You climb downwards.
An orc priest, an orc wizard and an ogre come into view.
The orc priest shouts!
Found a scroll labeled FIFOAG ZOAGRO and a ration.
Found a stone staircase leading down.
There is a stone staircase leading up here.
Found a scroll labeled FOIQOO CIUN.
The orc barely misses you.
An orc comes into view.
Unknown command.
The ogre shouts!
Found a ration and a long sword.
Okay, then.
A crimson imp comes into view.
Found a scroll of teleportation and 24 stones.
The crimson imp shouts!
An iguana comes into view.
You see here a ration.
The crimson imp blinks!
You see here a scroll of teleportation.
b - 2 scrolls of teleportation (gained 1)
The orc priest shouts!
An orc comes into view. It is wielding a war axe.
An orc wizard comes into view. It is wielding a dagger.
The orc wizard casts a spell.
The orc wizard flickers and vanishes for a moment.
An orc and Dowan come into view.
An orc and Duvessa come into view.
As you read the scroll of teleportation, it crumbles to dust.
You feel strangely unstable.
The orc wizard points at you and mumbles some strange words.
You are confused.
Duvessa shouts!
Dowan shouts!
Unknown command.
You bump into the rock wall.
You barely miss the iguana. The iguana closely misses you.
Your surroundings seem slightly different.
Duvessa completely misses you.
Unknown command.
The iguana closely misses you.
The orc wizard gestures at you while chanting.
You are more confused.
Dowan casts a spell.
Dowan blinks!
You're too confused!
Unknown command.
It was a potion of haste.
You feel yourself speed up. The iguana closely misses you.
The orc closely misses you.
You scratch the orc wizard but do no damage.
The orc wizard misses you. Duvessa hits you with a short sword!
Ouch! That really hurt!
* * * LOW HITPOINT WARNING * * *
It was a potion of resistance.
You feel protected. The iguana misses you.
The crimson imp blinks!
The orc completely misses you. The orc wizard hits you with a dagger.
* * * LOW HITPOINT WARNING * * *
Duvessa completely misses you.
The orc priest begins to cast a cantrip, but forgets the words!
It was a potion of might.
You feel very mighty all of a sudden. The iguana completely misses you.
The orc hits you with a short sword.
You die...

###### #....# #....#
### o.## #....####...
......#.
#................o...
#.oe@5...........o...
#..olo.#####..o... #
###...Oe..ยง...5....
........#######.#.#
..#.......o.####..#o##
###............O...####
o.............o....%...
.#.....................
#..#######.............


You could see Duvessa, an ogre, Dowan, an iguana, an orc priest, an orc wizard
(invisible), a crimson imp and 2 orcs.

Vanquished Creatures
  A hound (D:4)
  Ijyb (D:3)
  An adder (D:4)
  A dart slug (D:3)
  4 orcs (D:4)
  3 hobgoblins
  A jackal (D:1)
  A ball python skeleton (D:4)
  A bat (D:2)
  2 rats
16 creatures vanquished.

Vanquished Creatures (collateral kills)
  A centaur skeleton (D:4)
  A dart slug (D:3)
  3 giant cockroaches
  A goblin (D:2)
  4 jackals
  A bat (D:3)
11 creatures vanquished.

Grand Total: 27 creatures vanquished

Notes
Turn   | Place    | Note
-------+----------+-------------------------------------------
     0 | D:1      | tidbits the Felid Summoner began the quest for the Orb.
     0 | D:1      | Reached XP level 1. HP: 7/7 MP: 4/4
   210 | D:3      | Noticed Ijyb
   240 | D:2      | Reached skill level 1 in Unarmed Combat
   369 | D:1      | Reached skill level 3 in Stealth
   369 | D:1      | Reached XP level 2. HP: 11/11 MP: 4/6
   373 | D:1      | Learned a level 2 spell: Call Imp
   792 | D:3      | Killed Ijyb
   792 | D:3      | Reached skill level 2 in Unarmed Combat
   792 | D:3      | Reached XP level 3. HP: 13/14 MP: 7/7
   878 | D:3      | Reached skill level 4 in Stealth
   963 | D:4      | HP: 1/14 [hound (3)]
   968 | D:4      | Reached XP level 4. HP: 1/18 MP: 8/8
   998 | D:4      | Noticed MDvedh's ghost (novice DsAK)
  1177 | D:3      | Noticed tidbits's ghost (weakling FeSu)
  1267 | D:4      | Reached skill level 5 in Stealth
  1267 | D:4      | Reached skill level 3 in Unarmed Combat
  1297 | D:4      | Killed from afar by an orc priest
  1298 | D:4      | Reached XP level 3. HP: -1/14 MP: 1/7
  1298 | D:4      | Found a basalt altar of Yredelemnul.
  1298 | D:4      | Found a deep blue altar of Sif Muna.
  1405 | D:4      | Found Topicho's Food Boutique.
  1440 | D:5      | Entered Level 5 of the Dungeon
  1440 | D:5      | Noticed an ogre
  1460 | D:5      | Noticed Dowan
  1461 | D:5      | Noticed Duvessa
  1472 | D:5      | HP: 1/14 [orc wizard/dagger (1)]
  1473 | D:5      | Slain by an orc

Skill      XL: |  1  2  3  4 |
---------------+-------------+-----
Unarmed Combat | 1 2 3 |  3.1
Stealth        | 3 4 5 |  5.0
Dodging        | |  2.6
Spellcasting   | |  2.0
Summonings     | |  4.0

Action                   |  1- 3 |  4- 6 || total
-------------------------+-------+-------++-------
Melee: Unarmed           |    45 |     6 ||    51
       Bite              |     4 |       ||     4
       Punch             |     1 |       ||     1
 Cast: Summon Small Mamm |    16 |     5 ||    21
       Call Imp          |     4 |     5 ||     9
Evoke: Wand              |    12 |     1 ||    13
  Use: Scroll            |     3 |       ||     3
       Potion            |     3 |       ||     3
 Stab: Sleeping          |     2 |       ||     2
       Distracted        |     1 |       ||     1
  Eat: Chunk             |     7 |     3 ||    10
Armor: Skin              |     4 |       ||     4
Dodge: Dodged            |    56 |     3 ||    59

Table legend:
 A = Turns spent in this place as a percentage of turns spent in the entire game.
 B = Non-inter-level travel turns spent in this place as a percentage of non-inter-level travel turns spent in the entire game.
 C = Inter-level travel turns spent in this place as a percentage of turns spent in this place.
 D = Turns resting spent in this place as a percentage of non-inter-level travel turns spent in this place.
 E = Turns spent auto-exploring this place as a percentage of non-inter-level travel turns spent in this place.
 F = Non-inter-level travel turns spent in this place divided by the number of levels of this place that you've seen.
                   A       B       C       D       E      F
               +-------+-------+-------+-------+-------+----------------------
         Total | 100.0 | 100.0 |   1.9 |   0.0 |   0.0 | 289.0
       Dungeon | 100.0 | 100.0 |   1.9 |   0.0 |   0.0 | 289.0
               +-------+-------+-------+-------+-------+----------------------

Table legend:
 A = Kills in this place as a percentage of kills in entire the game.
 B = Kills by you in this place as a percentage of kills by you in the entire game.
 C = Kills by friends in this place as a percentage of kills by friends in the entire game.
 D = Other kills in this place as a percentage of other kills in the entire game.
 E = Experience gained in this place as a percentage of experience gained in the entire game.
 F = Experience gained in this place divided by the number of levels of this place that you have seen.
                   A       B       C       D       E      F
               +-------+-------+-------+-------+-------+----------------------
         Total | 100.0 | 100.0 | 100.0 |   N/A | 100.0 |  30.8
       Dungeon | 100.0 | 100.0 | 100.0 |   N/A | 100.0 |  30.8
               +-------+-------+-------+-------+-------+----------------------

Vault maps used:
D:1:      lemuel_arrival_hallway, serial_bayou_pond_e
D:2:      eino_tiny_chamber
D:3:      kennysheep_slugbush, first_ration, uniq_robin, uniq_ijyb
D:4:      chequers_temple_overflow_statue_of_worship, serial_shops, shop
D:5:      nicolae_overflow_crystal_walls, nemelex_xobeh_ov_fountains_minmay,
          uniq_duvessa
